 Dungeon Crawl Stone Soup version 0.28.0-53-g5a82cb258f (webtiles) character file.

Game seed: 10664507560612126426

6434 jjjjhere the Blocker (level 10, -3/91 HPs)
             Began as a Deep Dwarf Fighter on Aug 13, 2022.
             Was a Priest of Elyvilon.
             Slain by a dream sheep (23 damage)
             ... on level 1 of the Lair of Beasts.
             The game lasted 00:11:35 (6093 turns).

jjjjhere the Blocker (Deep Dwarf Fighter)           Turns: 6093, Time: 00:11:36

Health: -3/91      AC: 14    Str: 23    XL:     10   Next: 67%
Magic:  11/11      EV:  2    Int: 10    God:    Elyvilon [***...]
Gold:   314        SH:  0    Dex: 12    Spells: 9/9 levels left

rFire   + . .      SeeInvis .   O - +1 war axe (flame)
rCold   + . .      Faith    .   c - +0 buckler
rNeg    . . .      Spirit   .   b - +0 scale mail
rPois   .          Reflect  .   (no helmet)
rElec   .          Harm     .   Q - scarf {rC+ rF+}
rCorr   .          Rampage  .   N - +2 pair of gloves
Will    ++...                   (no boots)
Stlth   ..........              (no amulet)
HPRegen 0.00/turn               J - +4 ring of protection
MPRegen 0.12/turn               G - ring of willpower

@: sleeping
A: damage resistance, heal wounds, sense surroundings 2, no regeneration
a: Heal Wounds, Renounce Religion, Purification, Heal Other, Heal Self


You were on level 1 of the Lair of Beasts.
You worshipped Elyvilon.
Elyvilon was most pleased with you.
You visited 3 branches of the dungeon, and saw 10 of its levels.

You collected 496 gold pieces.
You spent 182 gold pieces at shops.

Inventory:

Hand Weapons
 a - a +0 war axe
 x - the +5 spear of Ashenzari's Envy {flame, rPois}
   (You found it on level 5 of the Dungeon)

   It burns those it strikes, dealing additional fire damage.
   rPois:     It protects you from poison.
 O - a +1 war axe of flaming (weapon)
Missiles
 l - 4 atropa-tipped darts
 q - 5 boomerangs of dispersal
 w - a throwing net (quivered)
 D - 15 poisoned darts
Armour
 b - a +0 scale mail (worn)
 c - a +0 buckler (worn)
 N - a +2 pair of gloves (worn)
 Q - a scarf of resistance (worn)
Jewellery
 g - a ring of ice
 i - a ring of positive energy
 t - a ring of resist corrosion
 B - a ring of magical power
 G - a ring of willpower (right hand)
 I - a +6 ring of strength
 J - a +4 ring of protection (left hand)
 S - a ring of see invisible
Wands
 p - a wand of polymorph (4)
 L - a wand of charming (4)
Scrolls
 e - 3 scrolls of enchant armour {unknown}
 f - 2 scrolls of fear {unknown}
 j - a scroll of blinking
 k - 2 scrolls of magic mapping {unknown}
 n - a scroll of teleportation {unknown}
 r - 2 scrolls of noise {unknown}
 u - a scroll of holy word {unknown}
 v - 3 scrolls of amnesia {unknown}
 y - a scroll of acquirement {unknown}
 E - a scroll of enchant weapon {unknown}
 H - 2 scrolls of identify
 K - a scroll of vulnerability {unknown}
 P - a scroll of torment {unknown}
 R - a scroll of immolation {unknown}
Potions
 d - a potion of might
 h - 2 potions of brilliance
 m - 3 potions of attraction
 o - a potion of ambrosia
 s - 4 potions of curing
 z - 3 potions of haste {unknown}
 A - a potion of invisibility {unknown}
 C - a potion of heal wounds {unknown}
 F - a potion of flight {unknown}
 M - a potion of berserk rage {unknown}


   Skills:
 - Level 6.1 Fighting
 + Level 10.5 Axes
 - Level 3.2 Armour
 + Level 10.8 Shields
 + Level 9.4 Invocations


You had 9 spell levels left.
You didn't know any spells.
Your spell library contained the following spells:

 Spells                   Type           Power      Damage    Failure   Level
 Sandblast                Erth           0%         2d4       75%         1
 Ensorcelled Hibernation  Hex/Ice        0%         N/A       86%         2
 Passwall                 Tmut/Erth      0%         N/A       86%         2
 Stone Arrow              Conj/Erth      0%         3d7       98%         3
 Swiftness                Air            0%         N/A       98%         3
 Tukima's Dance           Hex            0%         N/A       98%         3
 Airstrike                Air            0%         N/A       100%        4
 Anguish                  Hex/Necr       0%         N/A       100%        4
 Summon Lightning Spire   Summ/Air       0%         N/A       100%        4
 Lightning Bolt           Conj/Air       0%         1d11      100%        5
 Enfeeble                 Hex            0%         N/A       100%        7


Dungeon Overview and Level Annotations

Branches:
Dungeon (8/15)             Temple (1/1) D:5            Lair (1/6) D:8

Altars:
Ashenzari
Dithmenos
Elyvilon
Fedhas
Gozag
Hepliaklqana
Kikubaaqudgha
Makhleb
Nemelex Xobeh
Okawaru
Qazlal
Ru
Sif Muna
Uskayaw
Wu Jian
Xom
Yredelemnul
Zin
The Shining One

Shops:
D:3 =   D:8 (


Innate Abilities, Weirdness & Mutations

You are resistant to damage.
You can heal yourself by infusing magical energy.
You passively map the area around you.
You do not regenerate.


Message History

You slash the yak! You burn the yak.
You kill the yak!
Key pressed, stopping explore.
Key pressed, stopping explore.
You can now provide healing for yourself.
Found a stone staircase leading down.
A dream sheep comes into view.
The dream sheep bleats!
You hear a bleat!
A dream sheep comes into view.
There are monsters nearby!
You are too injured to fight recklessly!
Found 21 gold pieces.
A dream sheep comes into view.
A dream sheep comes into view.
The dream sheep bleats!
The dream sheep ruffle their wool and motes of dream dust sparkle, to no effect.
The dream sheep shake their wool and sparkle.
You feel drowsy...
You fall asleep.
A dream sheep comes into view.
The dream sheep bleats! x2
The dream sheep bites you!!
You wake up.
* * * LOW HITPOINT WARNING * * *
A dream sheep comes into view.
The dream sheep bleats!
Unknown command.
Unknown command.
You slash the dream sheep! You burn the dream sheep.
The dream sheep is almost dead.
You block the dream sheep's attack.
You feel much better. The dream sheep closely misses you.
The dream sheep bites you but does no damage.
You barely miss the dream sheep.
The dream sheep is almost dead.
You barely miss the dream sheep.
The dream sheep are wreathed in dream dust.
You feel drowsy...
You fall asleep.
The dream sheep barely misses you. The dream sheep bites you!!
You die...

##########....# ##^.#
#.....# #..#
##....#######..#
#.............#
#.............#
#....##+#####.# ##
#....#......#.# .#######
#....#.Y....#.# ........
.....##@##.##.# ........
.....Y..Y.....#
........,.......>......#
#######. ..#$##Y+#.....#
, .. ..Y #.....# .. ....
#.....# . ...........# *
* , .....#.....# #* * ,*
, *........#


You could see 5 dream sheep.

Vanquished Creatures
  A wyvern (D:8)
  8 yaks
  A basilisk (D:8)
  A steam dragon (D:8)
  5 water moccasins
  An ice beast (D:6)
  2 black bears
  An ogre (D:7)
  An orc warrior (D:8)
  6 wolves (Lair:1)
  3 centaurs (D:8)
  6 bullfrogs
  2 kobold brigands (D:8)
  3 scorpions
  A water moccasin skeleton (D:4)
  8 orc priests
  3 jellies
  A centaur skeleton (D:5)
  A bullfrog skeleton (D:4)
  A gnoll shaman (D:7)
  A hound (D:4)
  A scorpion zombie (D:5)
  4 iguanas
  2 orc wizards
  A howler monkey zombie (D:5)
  5 adders
  11 gnolls
  2 white imps
  2 worms
  3 dart slugs
  18 orcs
  10 ball pythons
  3 endoplasms
  3 giant cockroaches
  8 goblins
  8 hobgoblins
  9 jackals
  3 quokkas
  6 bats
  3 frilled lizards
  15 kobolds
  2 rats
176 creatures vanquished.

Vanquished Creatures (others)
  3 fungi (Lair:1)
3 creatures vanquished.

Grand Total: 179 creatures vanquished

Notes
Turn   | Place    | Note
-------+----------+-------------------------------------------
     0 | D:1      | jjjjhere the Deep Dwarf Fighter began the quest for the
                  | Orb.
     0 | D:1      | Reached XP level 1. HP: 20/20 MP: 1/1
   107 | D:1      | Reached XP level 2. HP: 22/27 MP: 2/2
   279 | D:1      | Reached XP level 3. HP: 21/34 MP: 3/3
  1203 | D:2      | Found a faded altar of an unknown god.
  1435 | D:3      | HP: 11/34 [frilled lizard (1)]
  1509 | D:3      | HP: 9/34 [orc wizard/magic dart (2)]
  1517 | D:3      | Reached XP level 4. HP: 40/42 MP: 4/4
  1646 | D:3      | Found Qoobbul's Jewellery Emporium.
  2146 | D:4      | Reached XP level 5. HP: 33/50 MP: 5/5
  2239 | D:4      | HP: 16/50 [hound (1)]
  2306 | D:4      | Reached skill level 5 in Shields
  2350 | D:4      | Reached XP level 6. HP: 42/57 MP: 6/6
  2592 | D:5      | Entered Level 5 of the Dungeon
  2634 | D:5      | Identified the +5 spear of Ashenzari's Envy {flame, rPois}
  2655 | D:5      | HP: 17/58 [iguana (6)]
  2657 | D:5      | Reached skill level 5 in Axes
  2687 | D:5      | Found a staircase to the Ecumenical Temple.
  2713 | Temple   | Entered the Ecumenical Temple
  2820 | Temple   | Became a worshipper of Elyvilon the Healer
  2863 | D:5      | HP: 15/58 [scorpion zombie (2)]
  2932 | D:5      | Reached XP level 7. HP: 46/66 MP: 6/6
  2947 | D:5      | HP: 21/66 [iguana (9)]
  3075 | D:5      | HP: 18/66 [water moccasin (5)]
  3078 | D:5      | Reached skill level 5 in Fighting
  3220 | D:6      | HP: 20/67 [orc priest/divine providence (10)]
  3233 | D:6      | Noticed a yak
  3233 | D:6      | Noticed a yak
  3435 | D:6      | Reached * piety under Elyvilon
  3482 | D:6      | Found a sacrificial altar of Ru.
  3485 | D:6      | Found an opulent altar of Gozag.
  3488 | D:6      | Found a shimmering blue altar of Sif Muna.
  3491 | D:6      | Found a basalt altar of Yredelemnul.
  3553 | D:6      | Found a broken altar of Ashenzari.
  3627 | D:6      | HP: 10/67 [yak (13)]
  3628 | D:6      | HP: 2/67 [yak (8)]
  3633 | D:6      | Killed a yak
  3634 | D:6      | Reached XP level 8. HP: 33/75 MP: 6/6
  3653 | D:6      | HP: 20/75 [yak (6)]
  3662 | D:6      | HP: 22/76 [yak (13)]
  3667 | D:6      | HP: 25/76 [yak (6)]
  3724 | D:6      | Reached skill level 1 in Invocations
  4096 | D:6      | Reached ** piety under Elyvilon
  4192 | D:7      | HP: 23/76 [scorpion (3)]
  4381 | D:7      | HP: 17/76 [ogre/+0 giant spiked club (10)]
  4385 | D:7      | Gained mutation: You passively map the area around you.
                  | [Deep Dwarf growth]
  4385 | D:7      | Reached XP level 9. HP: 51/82 MP: 8/8
  4538 | D:7      | Noticed a cyclops
  4539 | D:7      | Identified the +1 robe "Yfyom" {rN+ MP+9 Int+2}
  4930 | D:8      | HP: 18/82 [orc priest/divine providence (11)]
  4940 | D:8      | Reached skill level 5 in Invocations
  4943 | D:8      | HP: 25/82 [kobold brigand/+0 short sword (5)]
  4967 | D:8      | HP: 24/82 [wyvern (5)]
  4985 | D:8      | HP: 27/82 [yak (5)]
  5065 | D:8      | HP: 26/82 [orc/+0 whip (1)]
  5083 | D:8      | HP: 10/82 [steam dragon/ball of steam (16)]
  5088 | D:8      | HP: 19/82 [steam dragon/ball of steam (12)]
  5174 | D:8      | Found Oguaralu's Antique Weapon Emporium.
  5205 | D:8      | Bought a runed war axe for 182 gold pieces
  5227 | D:8      | Reached *** piety under Elyvilon
  5387 | D:8      | Found a staircase to the Lair.
  5547 | Lair:1   | Entered Level 1 of the Lair of Beasts
  5616 | Lair:1   | Noticed a cane toad
  5617 | Lair:1   | Pacified a cane toad
  5618 | Lair:1   | Reached XP level 10. HP: 57/91 MP: 6/9
  5676 | Lair:1   | Noticed Sonja
  5681 | Lair:1   | Pacified Sonja
  5682 | Lair:1   | Reached skill level 10 in Shields
  5840 | Lair:1   | Noticed a cane toad
  5842 | Lair:1   | Pacified a cane toad
  5910 | Lair:1   | Reached skill level 10 in Axes
  6035 | Lair:1   | HP: 25/91 [yak (7)]
  6088 | Lair:1   | HP: 4/91 [dream sheep (27)]
  6093 | Lair:1   | Slain by a dream sheep

Illustrated notes

Levels and vault maps discovered:
D:1:      enne_arrival_octagon_isle, layout_basic
D:2:      layout_loops_ring, shapermc_ecumenical_altar_mp_vishouse
D:3:      layout_loops_ring, serial_shops, shop
D:4:      layout_rooms, minmay_bent
D:5:      layout_cave_pools, minmay_temple_entry_statues_fountains,
          serial_column_ruins, column_ruins_circle_small,
          column_ruins_courtyard_long, column_ruins_grid_1,
          column_ruins_open_small_water, column_ruins_corridor_corner
D:6:      layout_loops_cross, mainiacjoe_overflow_brackets,
          grunt_temple_overflow_cloverleaf
D:7:      layout_loops_ring, lightli_corner_chamber
D:8:      layout_cave_pools, david_lair_generic, serial_shops,
          nicolae_shop_stone
Temple:   regret_index_temple_sphere_string
Lair:1:   layout_chaotic_city, worms_lemuel, uniq_sonja

Skill      XL: |  1  2  3  4  5  6  7  8  9 10 |
---------------+-------------------------------+-----
Fighting       | 3 4 5 6 |  6.1
Axes           | 3 4 5 6 7 9 10 | 10.5
Shields        | 4 5 6 8 9 10 | 10.8
Invocations    | 3 7 9 |  9.4
Armour         | |  3.2

Action                   |  1- 3 |  4- 6 |  7- 9 | 10-12 || total
-------------------------+-------+-------+-------+-------++-------
Melee: War axe           |   134 |   159 |   277 |    77 ||   647
       Spear             |       |    11 |       |       ||    11
Throw: Throwing net      |       |       |     1 |       ||     1
Invok: Heal Other        |       |       |     2 |     4 ||     6
       Heal Self         |       |       |       |     5 ||     5
 Abil: Heal Wounds       |     1 |     2 |    24 |     1 ||    28
  Use: Scroll            |     1 |     2 |     2 |       ||     5
 Stab: Held in net/web   |       |       |     1 |       ||     1
Armor: Scale mail        |    70 |    71 |   129 |    47 ||   317
Dodge: Dodged            |    62 |    78 |   149 |    38 ||   327
Block: Buckler           |    42 |    32 |   101 |    34 ||   209
